 Dungeon Sprint DCSS version 0.29-a0-275-g389c0b56f3 (webtiles) character file.

Game seed: 15899878850379519568

136658 mhtbhm the Axe Maniac (level 15, -10/261 HPs)
             Began as a Minotaur Berserker on Mar 13, 2022.
             Was the Champion of Trog.
             Mangled by a shadow wraith (16 damage)
             ... summoned by a mummy priest
             ... in the Dungeon (Sprint III: "The Ten Rune Challenge").
             The game lasted 00:26:43 (10485 turns).

mhtbhm the Axe Maniac (Minotaur Berserker)         Turns: 10485, Time: 00:26:44

Health: -10/261    AC: 27    Str: 28    XL:     15   Next: 55%
Magic:  14/14      EV: 17    Int:  4    God:    Trog [******]
Gold:   5054       SH:  7    Dex: 13    Spells: 14/14 levels left

rFire   + + +      SeeInvis .   a - +8 broad axe of Profit {vorpal, rPois rF- Dex+7}
rCold   + . .      Faith    .   C - +0 buckler of the Untouchables {rElec rCorr Dex-5 Stlth+}
rNeg    . . .      Spirit   .   b - +2 plate armour {rF+}
rPois   +          Reflect  .   B - +2 hat
rElec   +          Harm     .   F - scarf {rC+ rF+}
rCorr   +          Rampage  .   (no gloves)
Will    +....      NoTele   +   x - +0 pair of boots of Morality {rF+ Slay+2}
Stlth   ..........              (no amulet)
HPRegen 0.53/turn               i - ring of protection from fire
MPRegen 0.14/turn               y - ring of flight

@: berserking, flying, slowed, studying 2 skills
A: horns 2, retaliatory headbutt
}: 3/10 runes: decaying, serpentine, silver
a: Renounce Religion, Berserk, Trog's Hand, Brothers in Arms


You were in the Dungeon.
You worshipped Trog.
Trog was exalted by your worship.
You visited 1 branch You collected 7606 gold pieces.
You spent 2552 gold pieces at shops.

Inventory:

Hand Weapons
 a - the +8 broad axe of Profit (weapon) {vorpal, rPois rF- Dex+7}
   (Trog gifted it to you in the Dungeon)

   It inflicts extra damage upon your enemies.
   Dex:       It affects your dexterity (+7).
   rF:        It makes you vulnerable to fire.
   rPois:     It protects you from poison.
 e - a +7 vorpal battleaxe
 t - a +2 vampiric war axe
 u - a +3 dire flail of holy wrath
 G - a +3 morningstar of holy wrath
Missiles
 o - 7 curare-tipped darts (quivered)
 v - 4 javelins
 z - 10 datura-tipped darts
Armour
 b - a +2 plate armour of fire resistance (worn)
 d - a +2 tower shield of reflection
 x - the +0 pair of boots of Morality (worn) {rF+ Slay+2}
   (You bought it in a shop in the Dungeon)

   Slay:      It affects your accuracy & damage with ranged weapons and melee
   (+2).
   rF:        It protects you from fire.
 B - a +2 hat (worn)
 C - the +0 buckler of the Untouchables (worn) {rElec rCorr Dex-5 Stlth+}
   (You acquired it in the Dungeon)

   Dex:       It affects your dexterity (-5).
   rElec:     It insulates you from electricity.
   rCorr:     It protects you from acid and corrosion.
   Stlth:     It makes you more stealthy.
 F - a scarf of resistance (worn)
 K - a +2 tower shield of positive energy
Jewellery
 c - a ring of protection from cold
 h - a ring of protection from fire
 i - a ring of protection from fire (left hand)
 y - a ring of flight (right hand)
 H - the ring of Amnatt {rF+ Stlth+}
   (You found it in the Dungeon)

   [ring of protection from fire]

   rF:        It protects you from fire.
   Stlth:     It makes you more stealthy.
 I - the ring of the Beloved Tangerine {rPois rC+ Str-2 SInv}
   (You took it off a vault guard in the Dungeon)

   [ring of protection from cold]

   Str:       It affects your strength (-2).
   rC:        It protects you from cold.
   rPois:     It protects you from poison.
   SInv:      It lets you see invisible.
 R - a ring of positive energy
Wands
 q - a wand of paralysis (7)
 L - a wand of acid (11)
 M - a wand of iceblast (17)
 Q - a wand of charming (6)
Scrolls
 j - a scroll of vulnerability
 l - 4 scrolls of holy word
 n - a scroll of immolation
 r - 3 scrolls of silence
 s - a scroll of enchant armour
 J - a scroll of fear {unknown}
Potions
 f - 2 potions of magic
 g - a potion of berserk rage
 k - 5 potions of mutation
 m - 7 potions of flight
 w - 2 potions of invisibility {unknown}
 A - 3 potions of lignification {unknown}
 D - 3 potions of haste
 S - a potion of might
Miscellaneous
 p - a condenser vane
 E - a lightning rod (4/4)
 N - a phantom mirror


   Skills:
 O Level 27 Fighting
 O Level 27 Axes
 + Level 3.7 Throwing
 + Level 24.8 Armour
 + Level 22.1 Dodging
 - Level 13.7 Stealth
 + Level 10.9 Shields
 + Level 8.7 Evocations


You had 14 spell levels left.
You didn't know any spells.
Your spell library was empty.

Dungeon Overview and Level Annotations

Branches:
Dungeon (1/1)

Altars:
Cheibriados
Dithmenos
Elyvilon
Fedhas
Gozag
Hepliaklqana
Kikubaaqudgha
Makhleb
Nemelex Xobeh
Okawaru
Qazlal
Ru
Sif Muna
Trog
Uskayaw
Vehumet
Wu Jian
Xom
Yredelemnul
Zin
The Shining One
Beogh
Jiyva
Lugonu

Shops:
D :?[[=!*[![*=?:?(:(


Innate Abilities, Weirdness & Mutations

You have a pair of horns on your head.
You reflexively headbutt those who attack you in melee.


Message History

A red film seems to cover your vision as you go berserk!
You feel yourself moving faster!
You feel mighty!
The mummy priest calls on the powers of darkness!
Your body is wracked with pain!
* * * LOW HITPOINT WARNING * * *
You slice the mummy priest!!
The mummy priest is heavily damaged.
You slash the guardian mummy!
The mummy priest calls on the powers of darkness!
Your body is wracked with pain!
* * * LOW HITPOINT WARNING * * *
You closely miss the mummy priest.
The mummy priest is heavily damaged.
You slice the guardian mummy!!
You destroy the guardian mummy!
Trog accepts your kill.
You feel extremely nervous for a moment...
You feel horribly lethargic.
You feel yourself slow down.
The mummy priest mumbles some strange prayers to its god.
You feel your strength returning.
You slice the mummy priest!!
You destroy the mummy priest!
Trog accepts your kill.
You feel extremely nervous for a moment...
Pain shoots through your body!!
* * * LOW HITPOINT WARNING * * *
Unknown command.
The spectral ball python misses you.
You block the spectral ball python's attack.
The giant cockroach zombie fails to trigger a net trap.
The mummy priest calls on the powers of darkness!
Your body is wracked with pain!
* * * LOW HITPOINT WARNING * * *
You slice the vampire!!
You destroy the vampire!
The vampire disappears in a puff of smoke!
You closely miss the necrophage.
The spectral ball python bites you but does no damage.
The spectral ball python misses you. Something hits you!
You die...

...#################.#
...#:}.#L#.......)#..#
§..#...###......))'..#
...#.[...........)'..#
####)|............#..#
≈**################..#
≈*,#.................#
≈*,▓'▓▓▓▓▓▓▓▓▓▓▓▓▓▓▓▓▓
,,,▓..#........§@.M..#
≈*,▓.^#.....^...nZWZ^#
≈*,▓..#..##########.^#
+**▓..#..#,,,,,,,,*,.#
,,,▓..#..#,,,,,,,,*,,#
**,▓.^#..#,,,,,,,,*,,*
,,,▓..#..#,,,,,,,,*,^*
***▓..#..#+********,,*
,≈,▓..#.^#,,,,,,,,,,,*


You could see a mummy priest, a phantasmal warrior (summoned), a spectral ball
python (summoned), a necrophage (summoned) and a giant cockroach zombie
(summoned).

Vanquished Creatures
  Sojobo (D)
  Rupert (D)
  A lich (D)
  2 titans (D)
  A deep elf blademaster (D)
  A quicksilver dragon (D)
  Chuck (D)
  2 sphinxes (D)
  Dowan (D)
  Gastronok (D)
  4 shadow dragons (D)
  A nagaraja (D)
  A fire giant (D)
  4 azure jellies (D)
  A ghost moth (D)
  A stone giant (D)
  2 deep elf demonologists (D)
  Azrael (D)
  A deep elf annihilator (D)
  2 dire elephants (D)
  A fire dragon (D)
  2 deep elf death magi (D)
  Snorg (D)
  A yaktaur captain (D)
  2 mummy priests (D)
  2 hydras (D)
  A naga warrior (D)
  An ogre mage (D)
  15 vault guards (D)
  6 anacondas (D)
  3 centaur warriors (D)
  A two-headed ogre (shapeshifter) (D)
  4 dancing weapons (D)
  4 death yaks (D)
  Urug (D)
  4 orc high priests (D)
  2 deep elf knights (D)
  A shock serpent (shapeshifter) (D)
  6 skeletal warriors (D)
  3 death drakes (D)
  A spriggan druid (D)
  A lindwurm (D)
  A spectral hydra (D)
  2 obsidian statues (D)
  An orc knight (D)
  3 deep elf pyromancers (D)
  2 deep elf zephyrmancers (D)
  6 ugly things (D)
  4 crystal guardians (D)
  A wolf spider (shapeshifter) (D)
  An orc sorcerer (D)
  2 elephants (D)
  A guardian serpent (D)
  6 black mambas (D)
  Duvessa (D)
  2 cane toads (D)
  An unseen horror (D)
  A rime drake (D)
  A komodo dragon (D)
  4 yaktaurs (D)
  4 guardian mummies (D)
  2 tyrant leeches (D)
  4 spriggan defenders (D)
  A queen bee (D)
  6 slime creatures (D)
  8 blink frogs (D)
  A hornet (D)
  A shadow (D)
  2 spriggans (D)
  3 redbacks (D)
  2 nagas (D)
  A spatial vortex (D)
  2 hydra simulacra (D)
  3 water moccasins (D)
  A swamp drake (D)
  2 fire dragon simulacra (D)
  4 orc warriors (D)
  2 centaurs (D)
  5 swamp dragon skeletons (D)
  An earth elemental (D)
  A scorpion (D)
  A necrophage (D)
  A water elemental (D)
  32 killer bees (D)
  An electric eel (D)
  3 wandering mushrooms (D)
  A jelly (D)
  An orc priest (D)
  A wizard (D)
  A necromancer (D)
  3 orc wizards (D)
  3 humans (D)
  A kobold demonologist (D)
  3 adders (D)
  8 orcs (D)
  2 endoplasms (D)
  2 rats (D)
  6 bushes (D)
  4 butterflies (D)
  5 plants (D)
268 creatures vanquished.

Vanquished Creatures (collateral kills)
  A stone giant (D)
  A vault guard (D)
2 creatures vanquished.

Vanquished Creatures (others)
  A hydra (D)
  21 plants (D)
22 creatures vanquished.

Grand Total: 292 creatures vanquished

Notes
Turn   | Place    | Note
-------+----------+-------------------------------------------
     0 | D        | mhtbhm the Minotaur Berserker began the quest for the Orb.
     0 | D        | Reached XP level 1. HP: 19/19 MP: 0/0
    24 | D        | Reached ** piety under Trog
    95 | D        | Reached skill level 5 in Fighting
    95 | D        | Reached skill level 5 in Axes
    95 | D        | Reached XP level 2. HP: 29/29 MP: 1/1
   140 | D        | Noticed a scorpion
   145 | D        | Killed a scorpion
   146 | D        | Reached XP level 3. HP: 39/39 MP: 2/2
   146 | D        | Reached XP level 4. HP: 47/47 MP: 3/3
   190 | D        | Noticed a water elemental
   195 | D        | Killed a water elemental
   195 | D        | Reached *** piety under Trog
   309 | D        | Found a radiant altar of Vehumet.
   309 | D        | Found a shimmering blue altar of Sif Muna.
   309 | D        | Found an ancient bone altar of Kikubaaqudgha.
   309 | D        | Noticed a wizard
   317 | D        | Reached XP level 5. HP: 53/53 MP: 4/4
   349 | D        | Found a glowing silver altar of Zin.
   349 | D        | Found a glowing golden altar of the Shining One.
   349 | D        | Found a white marble altar of Elyvilon.
   350 | D        | Noticed a deep elf pyromancer
   351 | D        | Noticed a fire elemental
   357 | D        | Killed a deep elf pyromancer
   357 | D        | Reached **** piety under Trog
   358 | D        | Reached XP level 6. HP: 68/68 MP: 5/5
   358 | D        | Reached XP level 7. HP: 74/74 MP: 6/6
   402 | D        | Found a basalt altar of Yredelemnul.
   402 | D        | Found a shadowy altar of Dithmenos.
   402 | D        | Found a sacrificial altar of Ru.
   455 | D        | Found a hide-covered altar of Uskayaw.
   455 | D        | Found an iron altar of Okawaru.
   455 | D        | Found a bloodstained altar of Trog.
   455 | D        | Found an ornate altar of the Wu Jian Council.
   455 | D        | Noticed a human
   456 | D        | Noticed a human
   464 | D        | Killed a human
   468 | D        | Killed a human
   468 | D        | Reached ***** piety under Trog
   513 | D        | Received a gift from Trog
   514 | D        | Reached XP level 8. HP: 83/85 MP: 7/7
   531 | D        | Found a blossoming altar of Fedhas.
   531 | D        | Found a stormy altar of Qazlal.
   531 | D        | Found a snail-covered altar of Cheibriados.
   531 | D        | Found a burning altar of Makhleb.
   531 | D        | Found a shimmering altar of Xom.
   532 | D        | Found a hazy altar of Hepliaklqana.
   532 | D        | Found an opulent altar of Gozag.
   532 | D        | Found a sparkling altar of Nemelex Xobeh.
   532 | D        | Found a corrupted altar of Lugonu.
   532 | D        | Found a viscous altar of Jiyva.
   542 | D        | Reached skill level 15 in Axes
   724 | D        | Noticed Snorg
   770 | D        | Killed Snorg
   845 | D        | Reached XP level 9. HP: 75/95 MP: 8/8
   929 | D        | Noticed a centaur warrior
   934 | D        | Killed a centaur warrior
   938 | D        | Reached skill level 15 in Fighting
  1289 | D        | Killed an unseen horror
  1290 | D        | Reached skill level 1 in Stealth
  1330 | D        | Noticed a wandering mushroom
  1334 | D        | Noticed a wandering mushroom
  1336 | D        | Noticed a wandering mushroom
  1342 | D        | Identified the +8 broad axe of Profit {vorpal, rPois rF-
                  | Dex+7} (Trog gifted it to you in the Dungeon)
  1342 | D        | Received a gift from Trog
  1694 | D        | Noticed a cane toad
  1694 | D        | Noticed a komodo dragon
  1694 | D        | Noticed a cane toad
  1698 | D        | Killed a cane toad
  1703 | D        | Killed a cane toad
  1704 | D        | Reached XP level 10. HP: 96/107 MP: 9/9
  1755 | D        | Received a gift from Trog
  1756 | D        | Reached ****** piety under Trog
  1757 | D        | Reached skill level 10 in Dodging
  1757 | D        | Received a gift from Trog
  1762 | D        | Received a gift from Trog
  1999 | D        | Found Toul's General Store.
  1999 | D        | Noticed an orc knight
  2000 | D        | Noticed an orc sorcerer
  2000 | D        | Noticed an orc high priest
  2003 | D        | Received a gift from Trog
  2006 | D        | Killed an orc sorcerer
  2007 | D        | Killed an orc high priest
  2009 | D        | Received a gift from Trog
  2014 | D        | Killed an orc knight
  2016 | D        | Reached skill level 1 in Evocations
  2139 | D        | Bought a potion of flight for 42 gold pieces
  2139 | D        | Bought a scroll of magic mapping for 49 gold pieces
  2139 | D        | Bought a scroll of identify for 28 gold pieces
  2158 | D        | Noticed a deep elf pyromancer
  2158 | D        | Noticed a deep elf zephyrmancer
  2158 | D        | Noticed a deep elf knight
  2158 | D        | Noticed a deep elf zephyrmancer
  2158 | D        | Noticed a deep elf knight
  2172 | D        | Killed a deep elf pyromancer
  2173 | D        | Reached XP level 11. HP: 118/118 MP: 10/10
  2173 | D        | Killed a deep elf knight
  2173 | D        | Received a gift from Trog
  2175 | D        | Killed a deep elf knight
  2178 | D        | Killed a deep elf zephyrmancer
  2179 | D        | Reached skill level 5 in Stealth
  2179 | D        | Noticed a deep elf annihilator
  2180 | D        | Noticed a deep elf pyromancer
  2182 | D        | Killed a deep elf zephyrmancer
  2182 | D        | Received a gift from Trog
  2270 | D        | Noticed a deep elf demonologist
  2270 | D        | Noticed a deep elf demonologist
  2329 | D        | Noticed Dowan
  2329 | D        | Noticed Duvessa
  2338 | D        | Killed Duvessa
  2341 | D        | Killed Dowan
  2497 | D        | Noticed a soul eater
  2507 | D        | Noticed a sun demon
  2780 | D        | Noticed an obsidian statue
  2791 | D        | Killed an obsidian statue
  2802 | D        | Found Qiojius's Book Shop.
  2802 | D        | Found Qirch's Antique Weapon Shoppe.
  2802 | D        | Found Dasmufe's Jewellery Boutique.
  2802 | D        | Found Evehyvumn's Magic Scroll Emporium.
  2802 | D        | Found Beakagea's Book Shop.
  2802 | D        | Found Suraill's Antique Weapon Emporium.
  2802 | D        | Found Zomyva's Magic Scroll Boutique.
  2803 | D        | Found Fitwit's Assorted Antiques.
  2803 | D        | Found Kounat's Antique Armour Shoppe.
  2803 | D        | Found Sufocs's Distillery.
  2803 | D        | Found Qouclar's Antique Armour Emporium.
  2840 | D        | Bought a dazzling plate armour for 644 gold pieces
  2840 | D        | Identified the +1 plate armour of Terror {+Inv rC- Dex+3}
                  | (You bought it in a shop in the Dungeon)
  2848 | D        | Bought a glowing cloak for 172 gold pieces
  2862 | D        | Bought a scroll of acquirement for 572 gold pieces
  2862 | D        | Acquired 1163 gold pieces
  2872 | D        | Bought a scroll of holy word for 82 gold pieces
  2872 | D        | Bought a scroll of holy word for 82 gold pieces
  2872 | D        | Bought a scroll of enchant armour for 82 gold pieces
  2883 | D        | Bought a potion of flight for 66 gold pieces
  2883 | D        | Bought a scroll of identify for 44 gold pieces
  2883 | D        | Bought a scroll of identify for 44 gold pieces
  2883 | D        | Bought a scroll labelled KIAFEH PO LOR for 22 gold pieces
  2908 | D        | Noticed a crystal guardian
  2908 | D        | Noticed a crystal guardian
  2908 | D        | Noticed a crystal guardian
  2908 | D        | Noticed a crystal guardian
  2909 | D        | Killed a crystal guardian
  2915 | D        | Killed a crystal guardian
  2919 | D        | Killed a crystal guardian
  2919 | D        | Received a gift from Trog
  2923 | D        | Killed a crystal guardian
  3196 | D        | Noticed a wolf spider
  3201 | D        | Killed a wolf spider
  3325 | D        | Noticed a centaur warrior
  3329 | D        | Killed a centaur warrior
  3329 | D        | Received a gift from Trog
  3330 | D        | Reached XP level 12. HP: 133/133 MP: 11/11
  3336 | D        | Noticed a fire dragon
  3344 | D        | Killed a fire dragon
  3421 | D        | Reached skill level 1 in Throwing
  3435 | D        | Identified the +8 hand crossbow "Muthrod" {elec, Fly rF+
                  | rN+ Dex-4}
  3902 | D        | Received a gift from Trog
  3913 | D        | Noticed Urug
  3918 | D        | Killed Urug
  4039 | D        | Noticed a seven-headed hydra
  4039 | D        | Noticed a four-headed hydra
  4047 | D        | Killed a seven-headed hydra
  4170 | D        | Killed a seven-headed hydra
  4476 | D        | Noticed an anaconda
  4476 | D        | Noticed an anaconda
  4485 | D        | Killed an anaconda
  4486 | D        | Killed an anaconda
  4487 | D        | Reached skill level 10 in Stealth
  4487 | D        | Received a gift from Trog
  4699 | D        | Noticed an anaconda
  4699 | D        | Noticed an anaconda
  4699 | D        | Noticed an anaconda
  4701 | D        | Noticed an anaconda
  4703 | D        | Killed an anaconda
  4704 | D        | Killed an anaconda
  4705 | D        | Received a gift from Trog
  4705 | D        | Killed an anaconda
  4710 | D        | Killed an anaconda
  4711 | D        | Reached XP level 13. HP: 60/145 MP: 12/12
  5105 | D        | Noticed a nagaraja
  5107 | D        | Found Xuesi's Antique Armour Shop.
  5107 | D        | Found Feugap's Jewellery Shoppe.
  5110 | D        | Found Xostruw's Distillery.
  5115 | D        | Killed a nagaraja
  5120 | D        | Received a gift from Trog
  5121 | D        | Reached skill level 15 in Dodging
  5132 | D        | Bought a runed hat for 168 gold pieces
  5132 | D        | Bought a pair of fine boots for 228 gold pieces
  5132 | D        | Identified the +0 pair of boots of Morality {rF+ Slay+2}
                  | (You bought it in a shop in the Dungeon)
  5143 | D        | Bought a ring of flight for 227 gold pieces
  5161 | D        | Got a serpentine rune of Zot
  5294 | D        | Found a blossoming altar of Fedhas.
  5305 | D        | Received a gift from Trog
  5923 | D        | Noticed a dire elephant
  5923 | D        | Noticed a dire elephant
  5923 | D        | Noticed Gastronok
  5933 | D        | Killed a dire elephant
  5940 | D        | Killed a dire elephant
  5946 | D        | Killed Gastronok
  5992 | D        | Noticed an azure jelly
  5992 | D        | Noticed an azure jelly
  5992 | D        | Noticed an azure jelly
  5993 | D        | Noticed an azure jelly
  5996 | D        | Noticed Rupert
  5999 | D        | Paralysed by Rupert for 3 turns
  6008 | D        | Killed Rupert
  6008 | D        | Received a gift from Trog
  6101 | D        | Received a gift from Trog
  6210 | D        | Killed an azure jelly
  6213 | D        | Killed an azure jelly
  6214 | D        | Reached skill level 27 in Axes
  6216 | D        | Killed an azure jelly
  6221 | D        | Killed an azure jelly
  6221 | D        | Received a gift from Trog
  6455 | D        | Found Nyfiv's Book Shoppe.
  6455 | D        | Found Pubb's Magic Scroll Boutique.
  6468 | D        | Found Wood's Antique Armour Emporium.
  6502 | D        | Received a gift from Trog
  6755 | D        | Got a decaying rune of Zot
  6936 | D        | Reached XP level 14. HP: 162/162 MP: 13/13
  6953 | D        | Noticed Azrael
  6958 | D        | Killed Azrael
  6965 | D        | Acquired a manual of Armour
  6969 | D        | Acquired the +0 buckler of the Untouchables {rElec rCorr
                  | Dex-5 Stlth+}
  7070 | D        | Received a gift from Trog
  7072 | D        | Reached skill level 10 in Armour
  7120 | D        | Identified the +2 battleaxe of Midwinter {vorpal, *Rage rF+
                  | rC++ Stlth+} (Trog gifted it to you in the Dungeon)
  7120 | D        | Received a gift from Trog
  7174 | D        | Noticed an ancient lich
  7275 | D        | Noticed a sphinx
  7275 | D        | Noticed a sphinx
  7288 | D        | Killed a sphinx
  7290 | D        | Killed a sphinx
  7631 | D        | Noticed Chuck
  7642 | D        | Killed Chuck
  7643 | D        | Reached skill level 27 in Fighting
  7643 | D        | Reached skill level 1 in Shields
  7717 | D        | Received a gift from Trog
  7726 | D        | Noticed Sojobo
  7748 | D        | Killed Sojobo
  7866 | D        | Noticed a lich
  7872 | D        | Killed a lich
  8004 | D        | Noticed a shadow dragon
  8004 | D        | Noticed a shadow dragon
  8010 | D        | Received a gift from Trog
  8020 | D        | Killed a shadow dragon
  8027 | D        | Killed a shadow dragon
  8221 | D        | Received a gift from Trog
  8314 | D        | Noticed a quicksilver dragon
  8314 | D        | Noticed a stone giant
  8314 | D        | Noticed a stone giant
  8314 | D        | Noticed a titan
  8314 | D        | Noticed a shadow dragon
  8314 | D        | Noticed a titan
  8314 | D        | Noticed a shadow dragon
  8316 | D        | Noticed a fire giant
  8320 | D        | Reached skill level 5 in Shields
  8324 | D        | Received a gift from Trog
  8326 | D        | Killed a quicksilver dragon
  8328 | D        | Killed a stone giant
  8329 | D        | Reached skill level 5 in Evocations
  8330 | D        | Killed a shadow dragon
  8331 | D        | Reached XP level 15. HP: 74/174 MP: 14/14
  8360 | D        | Received a gift from Trog
  8770 | D        | Identified the ring of the Beloved Tangerine {rPois rC+
                  | Str-2 SInv}
  8776 | D        | Received a gift from Trog
  8786 | D        | Killed a fire giant
  8798 | D        | Killed a titan
  8802 | D        | Killed a shadow dragon
  9207 | D        | Received a gift from Trog
  9305 | D        | Killed a titan
  9365 | D        | Got a silver rune of Zot
  9682 | D        | Identified the +4 demon blade of Internal Strife {drain,
                  | Will+}
  9682 | D        | Identified the +2 leather armour "Qikle" {rElec rN++ Str+4}
  9682 | D        | Noticed a deep elf blademaster
  9695 | D        | Reached skill level 10 in Shields
  9696 | D        | Killed a deep elf blademaster
  9699 | D        | Found the +5 robe of Misfortune {Harm *Corrode *Slow EV+5}
  9854 | D        | Acquired 1243 gold pieces
  9966 | D        | Received a gift from Trog
 10067 | D        | Identified the ring of Amnatt {rF+ Stlth+}
 10482 | D        | HP: 8/261 [something (24)]
 10485 | D        | Mangled by a shadow wraith

Illustrated notes

Levels and vault maps discovered:
D:        dungeon_sprint_mu [sprint_mu_entry_forest, sprint_mu_temple_rooms,
          sprint_mu_d1_horrors, sprint_mu_d2_genie, sprint_mu_d3_branching,
          sprint_mu_orc_legion, sprint_mu_elf_gauntlet, sprint_mu_hive_nellie,
          sprint_mu_lair_fedhas, sprint_mu_vaults_butterflies,
          sprint_mu_slime_circle, sprint_mu_swamp_cave, sprint_mu_snake_twists,
          sprint_mu_blade_basic, sprint_mu_crypt_lich, sprint_mu_tomb_spiral,
          sprint_mu_vestibule_basic, sprint_mu_gehenna_hellfire,
          sprint_mu_dis_giant, sprint_mu_tartarus_statrot,
          sprint_mu_cocytus_islands, sprint_mu_zot1]

Skill      XL: |  1  2  3  4  5  6  7  8  9 10 11 12 13 14 15 |
---------------+----------------------------------------------+-----
Fighting       | 5 7 8 11 12 14 15 17 20 22 25 27 | 27.0
Axes           | 5 7 9 13 14 16 19 21 24 25 27 | 27.0
Armour         | 3 4 6 7 8 21 24 | 24.8
Dodging        | 3 4 6 8 9 11 13 14 17 20 22 | 22.1
Stealth        | 1 4 7 11 13 | 13.7
Evocations     | 1 2 5 8 |  8.7
Throwing       | 2 3 |  3.7
Shields        | 6 10 | 10.9

Action                   |  1- 3 |  4- 6 |  7- 9 | 10-12 | 13-15 || total
-------------------------+-------+-------+-------+-------+-------++-------
Melee: Hand axe          |    13 |    15 |    20 |       |       ||    48
       Headbutt          |     1 |     1 |    16 |    38 |    94 ||   150
       Battleaxe         |       |       |    30 |       |       ||    30
       Broad axe         |       |       |    15 |   172 |   297 ||   484
       Punch             |       |       |     1 |     2 |     1 ||     4
Throw: Dart              |       |       |       |     3 |     1 ||     4
Invok: Berserk           |     2 |     3 |     4 |     9 |    12 ||    30
       Trog's Hand       |       |       |       |       |     2 ||     2
       Brothers in Arms  |       |       |       |       |     2 ||     2
Evoke: Condenser vane    |       |       |       |     3 |     3 ||     6
       Lightning rod     |       |       |       |       |     8 ||     8
  Use: Potion            |       |       |     1 |     2 |     2 ||     5
       Scroll            |       |       |       |     6 |     6 ||    12
 Stab: Confused          |       |       |       |     5 |       ||     5
       Sleeping          |       |       |       |    11 |     7 ||    18
       Distracted        |       |       |       |       |     4 ||     4
Armor: Animal skin       |       |     1 |     6 |     1 |       ||     8
       Robe              |       |       |       |     6 |     2 ||     8
       Scale mail        |       |       |       |       |    46 ||    46
       Plate armour      |       |       |       |       |    41 ||    41
Dodge: Dodged            |     6 |     3 |    45 |   105 |   156 ||   315
Block: Buckler           |       |       |       |       |    35 ||    35

Table legend: (Time is in decaauts) A = Elapsed time spent in this place. B = Non-inter-level travel time spent in this place. C = Inter-level travel time spent in this place. D = Time resting spent in this place. E = Time spent auto-exploring this place. F = Levels seen in this place. G = Mean time per level. A B C D E F G +--------+--------+--------+--------+--------+-----+--------+ Total | 10608 | 10608 | 0 | 6617 | 438 | 1 | 10608.0 | Dungeon | 10608 | 10608 | 0 | 6617 | 438 | 1 | 10608.0 | +--------+--------+--------+--------+--------+-----+--------+

Top non-repeatable levels by time:
       D: 10608 daAuts
